 Dungeon Crawl Stone Soup version 0.29-a0-321-gf1c400731a (webtiles) character file.

Game seed: 4855785773060363692

2 dreadwin the Skirmisher (level 1, 0/19 HPs)
             Began as a Draconian Chaos Knight on Apr 3, 2022.
             Was a Plaything of Xom.
             Slain by a goblin
             ... wielding a +0 club
              (1 damage)
             ... on level 1 of the Dungeon.
             The game lasted 00:01:51 (292 turns).

dreadwin the Skirmisher (Draconian Chaos Knight)     Turns: 292, Time: 00:01:51

Health: 0/19       AC:  4    Str: 14    XL:     1   Next: 25%
Magic:  1/1        EV: 12    Int: 12    God:    Xom [..*...]
Gold:   0          SH:  0    Dex: 10    Spells: 0/0 levels left

rFire   . . .      SeeInvis .   a - +0 mace (chaos)
rCold   . . .      Faith    .   (no shield)
rNeg    . . .      Spirit   .   (body armour unavailable)
rPois   .          Reflect  .   (helmet restricted)
rElec   .          Harm     .   (no cloak)
rCorr   .          Rampage  .   (no gloves)
Will    .....                   (no boots)
Stlth   +.........              (no amulet)
HPRegen 0.06/turn               (no ring)
MPRegen 0.07/turn               (no ring)

@: no status effects
A: AC +4, unfitting armour, cold-blooded
a: Renounce Religion


You were on level 1 of the Dungeon.
You worshipped Xom.
You were a toy of Xom.
You visited 1 branch of the dungeon, and saw 1 of its levels.

Inventory:

Hand Weapons
 a - a +0 mace of chaos (weapon)
Missiles
 f - 4 poisoned darts
Scrolls
 c - a scroll of blinking {unknown}
 e - a scroll of enchant weapon {unknown}
Potions
 d - a potion of heal wounds {unknown}
Miscellaneous
 b - a piece from Xom's chessboard (14/15) (quivered)


   Skills:
 + Level 3.2 Fighting
 + Level 3.0 Maces & Flails
 + Level 2.2 Dodging


You couldn't memorise any spells.
You didn't know any spells.
Your spell library contained the following spells:

 Spells                   Type           Power      Damage    Failure   Level
 Ozocubu's Armour         Ice            0%         N/A       69%         3
 Ozocubu's Refrigeration  Ice            0%         4d5       100%        7


Dungeon Overview and Level Annotations

Branches:
Dungeon (1/15)

Altars:


Innate Abilities, Weirdness & Mutations

Your plain brown scales are hard. (AC +4)
You cannot fit into any form of body armour.
You are cold-blooded and may be slowed by cold attacks.


Message History

You hit the ball python.
You kill the ball python!
You see here a ball python corpse.
Unknown command.
Okay, then.
An endoplasm comes into view.
The endoplasm quivers.
An endoplasm is nearby!
A goblin and a hobgoblin come into view.
Found 14 gold pieces.
The goblin shouts!
Found a scroll labelled FONOYLOICENN.
The endoplasm freezes you.
You are frozen.
You feel yourself slow down. The hobgoblin hits you.
You feel yourself speed up. The endoplasm barely misses you.
The hobgoblin hits you.
You hit the endoplasm but do no damage. The endoplasm hits you.
The hobgoblin misses you.
You barely miss the endoplasm. The endoplasm freezes you.
You are frozen.
* * * LOW HITPOINT WARNING * * *
You feel yourself slow down.
The hobgoblin hits you but does no damage.
The goblin hits you but does no damage.
You make a move on Xom's chessboard...
The endoplasm is outlined in light.
You feel yourself speed up. The goblin closely misses you.
The endoplasm barely misses you. The hobgoblin closely misses you.
The hobgoblin hits you but does no damage.
The endoplasm hits you.
* * * LOW HITPOINT WARNING * * *
The goblin hits you with a +0 club.
* * * LOW HITPOINT WARNING * * *
You hit the endoplasm.
The endoplasm seems to grow stronger.
The endoplasm is almost dead. "I wonder...
What does this button do?"
Your cyan potion falls out of your pack, then immediately jumps back in!
The goblin hits you with a +0 club.
You die...

#..........#
#.########.# #.# ##.##
.###
####.#######.†.#### ...
^.................# ..#
####.#######...##.# ..#
#.# ##.###.# ..#
#.###### #.###g##..#
#.##...###...@J....##$#
#.##.......###g.......#
#.#.....##.# ####.....#
#.#.###.##.# .......
#...# #....# #.#.##?
###.###.#### .# #
#.....# .# ###.### #
#.#


You could see an endoplasm (strong, corona), a hobgoblin and a goblin.

Vanquished Creatures
  A ball python (D:1)
  A bat (D:1)
2 creatures vanquished.

Notes
Turn   | Place    | Note
-------+----------+-------------------------------------------
     0 | D:1      | dreadwin the Draconian Chaos Knight began the quest for the
                  | Orb.
     0 | D:1      | Reached XP level 1. HP: 19/19 MP: 1/1
   292 | D:1      | XOM: silly message
   292 | D:1      | Slain by a goblin

Illustrated notes

Levels and vault maps discovered:
D:1:      lemuel_arrival_river_bridge, layout_loops_ring,
          hellmonk_ecumenical_altar_run_dry

Action                   || total
-------------------------++-------
Melee: Mace              ||    13
Evoke: Piece from Xom's  ||     1
Armor: Skin              ||    29
Dodge: Dodged            ||    12

Table legend: (Time is in decaauts)
 A = Elapsed time spent in this place.
 B = Non-inter-level travel time spent in this place.
 C = Inter-level travel time spent in this place.
 D = Time resting spent in this place.
 E = Time spent auto-exploring this place.
 F = Levels seen in this place.
 G = Mean time per level.
                   A        B        C        D        E       F      G
               +--------+--------+--------+--------+--------+-----+--------+
         Total |    297 |    297 |      0 |    100 |     55 |   1 |  297.0 |
       Dungeon |    297 |    297 |      0 |    100 |     55 |   1 |  297.0 |
               +--------+--------+--------+--------+--------+-----+--------+

Top non-repeatable levels by time:
     D:1: 297 daAuts
